 Dungeon Crawl Stone Soup version 0.14-a0-736-g2a71271 (webtiles) character file.

156 Malachi the Ruffian (level 2, 0/23 HPs)
             Began as a Draconian Transmuter on Nov 7, 2013.
             Slain by a worm (7 damage)
             ... on Level 2 of the Dungeon.
             The game lasted 00:01:17 (1149 turns).

Malachi the Ruffian (Draconian Transmuter)          Turns: 1149, Time: 00:01:18

HP   0/23        AC  4     Str 12      XL: 2   Next: 93%
MP   2/3         EV 12     Int 13      God:
Gold 129         SH  0     Dex 11      Spells:  2 memorised,  2 levels left

Res.Fire  : . . .   See Invis. : .     - Unarmed
Res.Cold  : . . .   Warding    : .   (armour unavailable)
Life Prot.: . . .   Conserve   : .   (no shield)
Res.Poison: .       Res.Corr.  : .   (helmet restricted)
Res.Elec. : .       Clarity    : .   (no cloak)
Sust.Abil.: . .     Spirit.Shd : .   (no gloves)
Res.Mut.  : .       Stasis     : .   (no boots)
Res.Rott. : .       Flight     : .   (no amulet)
Saprovore : . . .                    (no ring)
                                     (no ring)

@: appendage, not resistant to hostile enchantments, unstealthy
A: unfitting armour, horns 2, AC +4
a: End Transformation


You were on level 2 of the Dungeon.
You were not hungry.
You had grown temporary horns.
You visited 1 branch of the dungeon, and saw 2 of its levels.

You collected 129 gold pieces.

Inventory:

Missiles
 b - 12 arrows
Magical devices
 l - a wand of confusion (17)
Comestibles
 a - a bread ration
 c - a sausage
 k - a choko
 n - an apple
 o - a rotting chunk of hobgoblin flesh
Scrolls
 e - 3 scrolls of curse weapon {unknown}
 f - a scroll of enchant weapon I {unknown}
 g - 3 scrolls of identify {unknown}
 h - a scroll of fog {unknown}
 m - 2 scrolls of magic mapping {unknown}
Potions
 i - a potion of agility {unknown}
 j - a potion of heal wounds {unknown}
 p - a potion of might {unknown}
 q - a potion of curing {unknown}
Books
 d - a book of Changes

   Spells                             Type                      Level
   *Beastly Appendage                 Transmutation                1
   *Sticks to Snakes                  Transmutation                2
   Spider Form                        Transmutation/Poison         3
   Ice Form                           Ice/Transmutation            4
   Blade Hands                        Transmutation                5


   Skills:
 + Level 1.4 Fighting
 + Level 2.0 Dodging
 * Level 3.7 Unarmed Combat
 - Level 2.0 Spellcasting
 * Level 2.2 Transmutations


You had 2 spell levels left.
You knew the following spells:

 Your Spells              Type           Power        Failure   Level  Hunger
a - Beastly Appendage     Trmt           #.....       12%         1    ##.....
b - Sticks to Snakes      Trmt           #.........   17%         2    ###....


Dungeon Overview and Level Annotations

Branches:
Dungeon (2/27)

Altars:
Fedhas


Innate Abilities, Weirdness & Mutations

Your plain brown scales are hard (AC +4).
Your body does not fit into most forms of armour.
Your cold-blooded metabolism reacts poorly to cold.
You have a pair of horns on your head.


Message History

You barely miss the worm. The bat hits you but does no damage.
The giant cockroach bites you but does no damage.
You hit the worm. You headbutt the worm! You tail-slap the worm.
The worm is moderately wounded.
The bat closely misses you. The giant cockroach misses you.
You hit the worm.
The worm is heavily wounded.
The bat hits you but does no damage. The giant cockroach barely misses you.
The worm bites you.
You hit the worm.
You headbutt the worm, but do no damage.
You tail-slap the worm.
The worm is almost dead.
The bat barely misses you.
The giant cockroach bites you but does no damage.
You hit the worm but do no damage.
The worm is almost dead.
The bat hits you but does no damage. The giant cockroach closely misses you.
The worm bites you!
You die...

### #.#####. ....(#
#.# #. ......# #.# #.
.......# #.# #.
#.....# #.#####.
#.....## #.......
.###.....######
##.#....
.......sw......##
#.#..##
#...@.###...###.#....
##.b.##.........##.##
##.....#...######.#
########.#######.#
#.........#
###########


You could see a worm, a giant cockroach and a bat.

Vanquished Creatures
  A giant mite (D:2)
  2 giant geckos (D:1)
  5 hobgoblins
  3 jackals (D:2)
  2 bats
  A giant cockroach (D:1)
  2 goblins (D:1)
  2 rats (D:1)
18 creatures vanquished.

Notes
Turn   | Place    | Note
--------------------------------------------------------------
     0 | D:1      | Malachi, the Draconian Transmuter, began the quest for the Orb.
     0 | D:1      | Reached XP level 1. HP: 16/16 MP: 1/1
   410 | D:1      | Reached XP level 2. HP: 23/23 MP: 3/3
   470 | D:1      | Learned a level 2 spell: Sticks to Snakes
   768 | D:2      | Found a blossoming altar of Fedhas.
  1149 | D:2      | Slain by a worm

Action                   || total
-------------------------++-------
Melee: Unarmed           ||   107
 Cast: Beastly Appendage ||     2
Evoke: Wand              ||     1
 Stab: Sleeping          ||     1
